 Dungeon Crawl Stone Soup version 0.21.1-1-g345015fe64 (webtiles) character file.

1931 Ikesh the Slasher (level 8, -1/73 HPs)
             Began as a Deep Dwarf Fighter on June 9, 2018.
             Slain by an ogre
             ... wielding a +0 giant spiked club
              (29 damage)
             ... on level 4 of the Dungeon.
             The game lasted 00:40:54 (4416 turns).

Ikesh the Slasher (Deep Dwarf Fighter)              Turns: 4416, Time: 00:40:55

Health: -1/73      AC:  9    Str: 17    XL:     8   Next: 97%
Magic:  9/9        EV: 10    Int: 19    God:
Gold:   263        SH: 11    Dex: 16    Spells: 7/7 levels left

rFire    . . .     SeeInvis .   j - +5 long sword of Yredelemnul's Delight {pain, Str-5 Int+2 Dex+4}
rCold    . . .     Gourm    .   c - +1 shield
rNeg     + . .     Faith    .   x - +1 leather armour of Devotion {Int+3} (curse)
rPois    .         Spirit   .   g - +0 helmet
rElec    .         Reflect  .   e - +2 cloak
rCorr    .         Harm     +   (no gloves)
MR       +....                  (no boots)
Stlth    +++.......             u - amulet of harm
HPRegen  0.00/turn              r - +5 ring of intelligence
MPRegen  0.11/turn              i - ring of positive energy

@: non-regenerating
A: damage resistance, heal wounds, sense surroundings 1, no regeneration
a: Heal Wounds


You were on level 4 of the Dungeon.
You were not hungry.

You visited 1 branch of the dungeon, and saw 7 of its levels.

You collected 263 gold pieces.

Inventory:

Hand Weapons
 a - a +1 long sword
 j - the +5 long sword of Yredelemnul's Delight (weapon) {pain, Str-5 Int+2 Dex+4}
   (You found it on level 6 of the Dungeon)

   In the hands of one skilled in necromantic magic, it inflicts extra damage on
   living creatures.
   It affects your strength (-5).
   It affects your intelligence (+2).
   It affects your dexterity (+4).
 q - a +2 whip of freezing
Armour
 c - a +1 shield (worn)
 e - a +2 cloak (worn)
 g - a +0 helmet (worn)
 k - a +2 leather armour of poison resistance
 l - a +0 plate armour
 m - a +2 scale mail of cold resistance
 o - a +0 pair of boots
 x - the cursed +1 leather armour of Devotion (worn) {Int+3}
   (You found it on level 7 of the Dungeon)

   It affects your intelligence (+3).
   It has a curse placed upon it.
Jewellery
 d - an uncursed ring of protection from cold
 i - a ring of positive energy (right hand)
 p - a +4 ring of intelligence
 r - a +5 ring of intelligence (left hand)
 s - an uncursed ring of resist corrosion
 u - an amulet of harm (around neck)
Wands
 b - a wand of flame (7)
 w - a wand of random effects (15)
Scrolls
 n - 5 scrolls of identify
 t - a scroll of remove curse
 v - a scroll of acquirement {unknown}
Potions
 z - a potion of haste
Comestibles
 f - 6 rations
 A - 3 chunks of flesh


   Skills:
 + Level 4.3 Fighting
 + Level 7.1 Long Blades
 + Level 4.6 Armour
 + Level 1.7 Dodging
 + Level 6.6 Stealth
 + Level 6.2 Shields
 + Level 4.0 Evocations


You had 7 spell levels left.
You didn't know any spells.

Dungeon Overview and Level Annotations

Branches:
Dungeon (7/15)
 Temple: D:4-7

Altars:
Kikubaaqudgha
Qazlal
Trog
Vehumet
Wu Jian

Shops:
D:5 [[*

Annotations:
D:2 Robin
D:3 Ethylacetat's ghost, amateur DsCK
D:4 AndJem's ghost, amateur MiFi


Innate Abilities, Weirdness & Mutations

You are resistant to damage.
You can heal yourself by infusing magical energy.
You passively map a small area around you.
You do not regenerate.


Message History

Press: ? - help, Shift-Dir - straight line, f - ogre
Aim: an ogre, wielding a giant spiked club (chance to defeat MR: 58%)
The ogre resists with significant effort.
The now-empty wand crumbles to dust.
Aiming: Random Effects
Press: ? - help, Shift-Dir - straight line, f/p - ogre
Aim: an ogre, wielding a giant spiked club The ogre resists with significant effort.
Your shield prevents you from hitting the ogre.
The ogre hits you with a giant spiked club!
Aiming: Random Effects
Press: ? - help, Shift-Dir - straight line, f/p - ogre
Aim: an ogre, wielding a giant spiked club The ogre flickers and vanishes!
Deactivating autopickup; reactivate with Ctrl-A.
Something hits you.
You slash something! You block something's attack.
AndJem's ghost turns its malevolent gaze towards you.
Something hits you!!
You die...

, #.#......#.##O#
#......#.#.# .#
#......#.#.# .#,* * *
* #......#.#.##.# #
#.....##.#....#.#,
#...............# *
#......#......... *
#......#...#########*
#..........@.....W..
######.#...#########
,, , #.#...# * *
#.#...# #.#...#
#.#...# #.#...#
#.#...# #.# ,


You could see AndJem's ghost.

Vanquished Creatures
  The ghost of Kaglan the Cudgeler, a novice GrEE (D:7)
  A black bear (D:7)
  A phantom (D:5)
  2 sky beasts (D:5)
  A centaur (D:7)
  A bullfrog (D:5)
  2 scorpions (D:5)
  3 wights (D:7)
  A howler monkey (D:5)
  2 bullfrog zombies
  A quasit (D:7)
  A centaur zombie (D:7)
  2 jellies
  2 orc priests
  2 hounds
  A bullfrog skeleton (D:6)
  3 iguanas
  An orc wizard (D:3)
  2 worker ants
  A hound zombie (D:5)
  A hound skeleton (D:5)
  3 gnolls (D:6)
  A howler monkey skeleton (D:4)
  A worker ant zombie (D:6)
  5 adders
  An ooze (D:4)
  An adder skeleton (D:5)
  2 dart slugs
  3 leopard geckos
  13 orcs
  A ball python (D:3)
  2 bats
  4 giant cockroaches
  6 hobgoblins
  7 jackals
  4 kobolds
  3 quokkas
  3 frilled lizards
  5 goblins
  A leopard gecko skeleton (D:7)
  A quokka zombie (D:7)
  A rat (D:1)
100 creatures vanquished.

Notes
Turn   | Place    | Note
-------+----------+-------------------------------------------
     0 | D:1      | Ikesh the Deep Dwarf Fighter began the quest for the Orb.
     0 | D:1      | Reached XP level 1. HP: 20/20 MP: 1/1
   285 | D:1      | Reached XP level 2. HP: 24/27 MP: 2/2
   493 | D:2      | Noticed Robin
   541 | D:3      | Noticed Ethylacetat's ghost (amateur DsCK)
   643 | D:3      | Reached XP level 3. HP: 25/34 MP: 3/3
   706 | D:3      | Found an ancient bone altar of Kikubaaqudgha.
   862 | D:3      | Reached XP level 4. HP: 37/42 MP: 4/4
   971 | D:4      | Noticed an ogre
  1052 | D:4      | Reached skill level 3 in Long Blades
  1082 | D:5      | Entered Level 5 of the Dungeon
  1143 | D:5      | Found Laitet's Assorted Antiques.
  1150 | D:5      | Noticed a sky beast
  1290 | D:5      | Reached XP level 5. HP: 34/49 MP: 4/4
  1297 | D:5      | Reached skill level 5 in Shields
  1383 | D:5      | Found Jacuazew's Armour Shop.
  1433 | D:6      | Noticed a centaur
  1447 | D:6      | Got a scorched long sword
  1448 | D:6      | Identified the +5 long sword of Yredelemnul's Delight {pain, Str-5 Int+2 Dex+4} (You found it on level 6 of the Dungeon)
  1532 | D:6      | Reached skill level 1 in Stealth
  1579 | D:6      | Found a stormy altar of Qazlal.
  1691 | D:6      | Noticed an orc warrior
  1706 | D:7      | Noticed a black bear
  1713 | D:7      | Killed a black bear
  1713 | D:7      | Reached XP level 6. HP: 29/56 MP: 5/5
  1715 | D:7      | Found a radiant altar of Vehumet.
  1873 | D:7      | Noticed a sky beast
  2097 | D:7      | Reached skill level 4 in Long Blades
  2177 | D:7      | Reached skill level 1 in Evocations
  2177 | D:7      | Reached XP level 7. HP: 35/63 MP: 6/6
  2207 | D:7      | Got a pitted leather armour
  2218 | D:7      | Identified the cursed +1 leather armour of Devotion {Int+3} (You found it on level 7 of the Dungeon)
  2342 | D:7      | Noticed Kaglan's ghost (novice GrEE)
  2358 | D:7      | Killed Kaglan's ghost
  2358 | D:7      | Reached skill level 5 in Long Blades
  2358 | D:7      | Reached skill level 1 in Dodging
  2358 | D:7      | Reached XP level 8. HP: 27/72 MP: 7/9
  2811 | D:6      | Reached skill level 5 in Stealth
  2866 | D:6      | Found an ornate altar of the Wu Jian Council.
  3014 | D:5      | Found Bucifruh's Armour Emporium.
  3015 | D:5      | Reached skill level 6 in Long Blades
  3608 | D:5      | Reached skill level 7 in Long Blades
  3653 | D:4      | Noticed AndJem's ghost (amateur MiFi)
  4336 | D:3      | Noticed a moth of wrath
  4338 | D:3      | Found a bloodstained altar of Trog.
  4416 | D:4      | Slain by an ogre

Skill      XL: |  1  2  3  4  5  6  7  8 |
---------------+-------------------------+-----
Fighting       | 3 4 |  4.3
Shields        | 4 5 6 |  6.2
Long Blades    | 3 4 5 7 |  7.1
Armour         | 4 |  4.6
Stealth        | 1 3 4 6 |  6.6
Evocations     | 1 2 4 |  4.0
Dodging        | 1 |  1.7

Action                   |  1- 3 |  4- 6 |  7- 9 || total
-------------------------+-------+-------+-------++-------
Melee: Long sword        |   130 |   127 |    94 ||   351
 Abil: Heal Wounds       |     1 |     2 |     2 ||     5
Evoke: Wand              |       |    15 |    26 ||    41
  Use: Scroll            |     3 |     3 |     4 ||    10
       Potion            |       |     5 |     3 ||     8
 Stab: Paralysed         |       |    10 |    15 ||    25
       Sleeping          |       |       |     5 ||     5
       Distracted        |       |       |     2 ||     2
  Eat: Chunk             |       |     5 |     1 ||     6
       Ration            |       |       |     2 ||     2
Armor: Scale mail        |     3 |    16 |       ||    19
       Plate armour      |    57 |    83 |       ||   140
       Leather armour    |     8 |       |    17 ||    25
       Skin              |       |       |    12 ||    12
Dodge: Dodged            |    20 |    48 |    20 ||    88
Block: Shield            |    76 |   117 |    48 ||   241
       Rpst.: Long sword |     4 |    13 |     5 ||    22
